 Dungeon Crawl Stone Soup version 0.30-a0-135-g630cfc4551 (webtiles) character file.

Game seed: 8776524286370326441

315 bande the Chopper (level 6, 0/53 HPs)
             Began as a Hill Orc Fighter on Sept 21, 2022.
             Was an Initiate of Beogh.
             Slain by Duvessa
             ... wielding a +2 short sword of speed
              (3 damage)
             ... on level 4 of the Dungeon.
             The game lasted 00:06:26 (3661 turns).

bande the Chopper (Hill Orc Fighter)                Turns: 3661, Time: 00:06:26

Health: 0/53       AC: 12    Str: 19    XL:     6   Next: 44%
Magic:  6/6        EV:  5    Int:  8    God:    Beogh [......]
Gold:   187        SH:  5    Dex: 12    Spells: 5/5 levels left

rFire   . . .      SeeInvis .    a - +0 war axe
rCold   . . .      Faith    .    c - +0 buckler
rNeg    . . .      Spirit   .    k - +0 plate armour
rPois   .          Reflect  .    (no helmet)
rElec   .          Harm     .    (no cloak)
rCorr   .          Rampage  .    (no gloves)
Will    .....                    (no boots)
Stlth   ..........               (no amulet)
HPRegen 0.17/turn                (no ring)
MPRegen 0.10/turn                (no ring)

@: mighty
A: no striking features
a: Renounce Religion


You were on level 4 of the Dungeon.
You worshipped Beogh.
Beogh was noncommittal.
You visited 1 branch of the dungeon, and saw 4 of its levels.

You collected 187 gold pieces.

Inventory:

Hand Weapons
 a - a +0 war axe (weapon)
Armour
 c - a +0 buckler (worn)
 k - a +0 plate armour (worn)
 w - a +0 helmet
Jewellery
 t - a ring of ice
 u - an amulet of faith
Scrolls
 e - 2 scrolls of immolation {unknown}
 g - 2 scrolls of blinking {unknown}
 j - 2 scrolls of teleportation {unknown}
 n - 4 scrolls of identify {unknown}
 o - a scroll of brand weapon {unknown}
 r - a scroll of enchant weapon {unknown}
Potions
 b - a potion of lignification {unknown}
 d - a potion of might
 f - 3 potions of curing {unknown}
 h - a potion of ambrosia {unknown}
 i - a potion of mutation {unknown}
 l - 2 potions of magic {unknown}
 m - 2 potions of berserk rage {unknown}
 p - 2 potions of heal wounds {unknown}
 q - a potion of attraction {unknown}
 s - a potion of brilliance {unknown}
 v - a potion of cancellation {unknown}


   Skills:
 + Level 4.7 Fighting
 + Level 6.0 Axes
 + Level 4.9 Armour
 + Level 4.1 Shields


You had 5 spell levels left.
You didn't know any spells.
Your spell library contained the following spells:

 Spells                   Type           Power      Damage    Failure   Level
 Confusing Touch          Hex            0%         N/A       100%        3
 Gell's Gravitas          Tloc           0%         N/A       100%        3
 Teleport Other           Tloc           0%         N/A       100%        3
 Yara's Violent Unravell  Hex/Tmut       0%         3d3       100%        5
 Dispersal                Tloc           0%         N/A       100%        6
 Enfeeble                 Hex            0%         N/A       100%        7


Dungeon Overview and Level Annotations

Branches:
Dungeon (4/15)
 Temple: D:4-7

Altars:
Yredelemnul

Shops:
D:2 (

Annotations:
D:4 1 runed translucent door, Dowan; Duvessa; Grinder; Jeffwins's ghost, novice HuWn


Message History

You hit Duvessa but do no damage.
Duvessa is lightly wounded.
You miss the adder. You block the adder's attack.
Dowan points at you and mumbles some strange words.
The puff of flame hits you. You block Duvessa's attack.
The adder bites you but does no damage. Duvessa barely misses you.
You hit Duvessa.
Duvessa is lightly wounded.
You closely miss the adder. The adder bites you but does no damage.
Duvessa hits you with a +2 short sword of speed.
The adder bites you but does no damage. You block Duvessa's attack.
Unknown command.
You hit Duvessa but do no damage.
Duvessa is lightly wounded.
You barely miss the adder.
Duvessa hits you with a +2 short sword of speed!
* * * LOW HITPOINT WARNING * * *
The adder bites you but does no damage. Duvessa barely misses you.
You hit Duvessa but do no damage.
Duvessa is lightly wounded.
You barely miss the adder. The adder bites you but does no damage.
You block Dowan's attack. Duvessa hits you but does no damage.
The adder bites you but does no damage.
Unknown command.
You feel very mighty all of a sudden. Dowan barely misses you.
Duvessa hits you with a +2 short sword of speed!
* * * LOW HITPOINT WARNING * * *
The adder bites you but does no damage. Dowan hits you with a +0 dagger.
* * * LOW HITPOINT WARNING * * *
Duvessa hits you with a +2 short sword of speed.
* * * LOW HITPOINT WARNING * * *
You barely miss Duvessa.
Duvessa is lightly wounded.
You barely miss Dowan. You completely miss the adder.
The adder bites you but does no damage. Dowan hits you but does no damage.
Duvessa hits you but does no damage. The adder bites you but does no damage.
Dowan hits you but does no damage.
Duvessa hits you with a +2 short sword of speed.
You die...

### #.## # ##..# #..# ##
..... #..# #. ...... ..#
##. ..[... #.## #..
......# #..# #o#
.......##..## ##.#
......e.S...#########..#
.......@e...........#.##
.......#.....######...##
.....##.$...## ####.#
##.###......# ##. #.
#......## ## # #.....##
# ###..## # ####


You could see Duvessa, Dowan (fast) and an adder.

Vanquished Creatures
  A phantom (D:4)
  A scorpion (D:4)
  Terence (D:3)
  Robin (D:4)
  4 adders
  2 worms
  3 dart slugs
  An orc (D:3)
  6 endoplasms
  3 giant cockroaches
  9 goblins
  13 hobgoblins
  17 jackals
  2 quokkas
  10 ball pythons
  5 bats
  4 frilled lizards
  5 kobolds
  3 rats
91 creatures vanquished.

Notes
Turn   | Place    | Note
-------+----------+-------------------------------------------
     0 | D:1      | bande the Hill Orc Fighter began the quest for the Orb.
     0 | D:1      | Reached XP level 1. HP: 19/19 MP: 1/1
   139 | D:1      | Reached XP level 2. HP: 27/27 MP: 2/2
   152 | D:1      | Found a faded altar of an unknown god.
   177 | D:1      | Reached skill level 3 in Axes
   346 | D:1      | Reached XP level 3. HP: 32/33 MP: 3/3
  1025 | D:2      | Reached XP level 4. HP: 31/40 MP: 4/4
  1228 | D:2      | Reached skill level 4 in Axes
  1499 | D:2      | Found Turahaijaff's Antique Weapon Shoppe.
  1553 | D:3      | Found a basalt altar of Yredelemnul.
  1556 | D:3      | Noticed Terence
  1567 | D:3      | Killed Terence
  1739 | D:3      | Reached XP level 5. HP: 41/47 MP: 5/5
  2430 | D:4      | Noticed a phantom
  2435 | D:4      | Noticed Grinder
  2478 | D:4      | Killed a phantom
  2479 | D:4      | Reached skill level 5 in Axes
  2966 | D:4      | Reached XP level 6. HP: 45/53 MP: 6/6
  3279 | D:4      | Found a runed translucent door.
  3326 | D:4      | Noticed Jeffwins's ghost (novice HuWn)
  3348 | D:4      | Noticed Robin
  3378 | D:4      | Killed Robin
  3379 | D:4      | Reached skill level 6 in Axes
  3573 | D:4      | Became a worshipper of Beogh the Brigand
  3639 | D:4      | Noticed Dowan
  3640 | D:4      | Noticed Duvessa
  3661 | D:4      | Slain by Duvessa

Illustrated notes

Levels and vault maps discovered:
D:1:      ncdulo_halloftheorcs, layout_basic, ebering_ecumenical_altar_hall
D:2:      layout_rooms, serial_shops, nicolae_lakefront_shop
D:3:      layout_loops_cross, lemuel_crystal_altar, minmay_misc_feat_enclosed,
          uniq_terence
D:4:      layout_cave_pods, minmay_temple_entry_glassed_door,
          ebering_ghost_sewer_f, uniq_duvessa, uniq_grinder, uniq_robin

Skill      XL: |  1  2  3  4  5  6 |
---------------+-------------------+-----
Axes           | 3 4 5 6 |  6.0
Fighting       | 4 |  4.7
Armour         | 4 |  4.9
Shields        | 4 |  4.1

Action                   |  1- 3 |  4- 6 || total
-------------------------+-------+-------++-------
Melee: War axe           |    93 |   168 ||   261
Invok: Convert to Beogh  |       |     1 ||     1
  Use: Potion            |       |     1 ||     1
 Stab: Sleeping          |       |     1 ||     1
Armor: Scale mail        |    36 |       ||    36
       Plate armour      |    24 |   163 ||   187
Dodge: Dodged            |    35 |    55 ||    90
Block: Buckler           |    22 |    54 ||    76

Table legend: (Time is in decaauts)
 A = Elapsed time spent in this place.
 B = Non-inter-level travel time spent in this place.
 C = Inter-level travel time spent in this place.
 D = Time resting spent in this place.
 E = Time spent auto-exploring this place.
 F = Levels seen in this place.
 G = Mean time per level.
                   A        B        C        D        E       F      G
               +--------+--------+--------+--------+--------+-----+--------+
         Total |   3745 |   3717 |     28 |   1053 |   1961 |   4 |  936.2 |
       Dungeon |   3745 |   3717 |     28 |   1053 |   1961 |   4 |  936.2 |
               +--------+--------+--------+--------+--------+-----+--------+

Top non-repeatable levels by time:
     D:4: 1266 daAuts
     D:3: 899 daAuts
     D:1: 860 daAuts
     D:2: 719 daAuts
